 Dungeon Crawl Stone Soup version 0.30-a0-629-gd54f4be4f7 (webtiles) character file.

Game seed: 4219324833641927386

1425 IdlyInterested the Cleaver (level 8, -13/56 HPs)
             Began as a Demonspawn Gladiator on Jan 12, 2023.
             Mangled by a two-headed ogre
             ... wielding a +0 giant club
              (18 damage)
             ... on level 6 of the Dungeon.
             The game lasted 00:16:37 (4700 turns).

IdlyInterested the Cleaver (Demonspawn Gladiator)   Turns: 4700, Time: 00:16:37

Health: -13/56     AC: 13    Str: 17    XL:     8   Next: 44%
Magic:  8/8        EV: 11    Int: 15    God:
Gold:   34         SH:  7    Dex: 15    Spells: 7/7 levels left

rFire   . . .      SeeInvis .    a - +0 war axe (protect)
rCold   . . .      Faith    .    D - +0 kite shield
rNeg    . . .      Spirit   .    v - +0 steam dragon scales
rPois   +          Reflect  .    (helmet restricted)
rElec   .          Harm     .    (no cloak)
rCorr   .          Rampage  .    b - +0 pair of gloves
Will    .....                    (no boots)
Stlth   ++                       r - amulet of Vitality {RegenMP++ Regen++}
HPRegen 1.89/turn                g - +6 ring of intelligence
MPRegen 0.91/turn                G - ring of poison resistance

@: under a protective aura, unable to drink
A: claws 2, powered by death 2, hooves 1, horns 1, evolution 1, inability to
drink after injury 1
a: no special abilities


You were on level 6 of the Dungeon.
You visited 2 branches of the dungeon, and saw 7 of its levels.

You collected 284 gold pieces.
You spent 250 gold pieces at shops.

Inventory:

Hand Weapons
 a - a +0 war axe of protection (weapon)
 x - a +1 whip of freezing
 y - the +3 bardiche of the Morning {drain, SInv}
   (You found it on level 5 of the Dungeon)

   SInv:      It lets you see invisible.
Missiles
 d - 3 throwing nets
 e - 7 javelins
 h - 60 stones
 p - 20 poisoned darts (quivered)
 z - 7 boomerangs
Armour
 b - a +0 pair of gloves (worn)
 c - a +0 helmet
 v - +0 steam dragon scales (worn)
 D - a +0 kite shield (worn)
Jewellery
 g - a +6 ring of intelligence (left hand)
 r - the amulet of Vitality (around neck) {RegenMP++ Regen++}
   (You found it on level 2 of the Dungeon)

   [amulet of magic regeneration]

   It increases your rate of magic regeneration.
   Regen:     It increases your rate of health regeneration.
 G - a ring of poison resistance (right hand)
Wands
 A - a wand of light (8)
Scrolls
 f - a scroll of fear
 i - 2 scrolls of teleportation
 k - 2 scrolls of enchant armour
 n - a scroll of fog
 u - 3 scrolls of blinking
 w - a scroll of enchant weapon
 F - a scroll of amnesia
 H - a scroll of brand weapon
Potions
 j - a potion of heal wounds
 l - a potion of curing
 m - 2 potions of haste
 o - a potion of magic
 q - 3 potions of resistance
 s - a potion of might
 t - 2 potions of brilliance
 B - a potion of mutation
 C - a potion of lignification
 E - a potion of ambrosia {unknown}


   Skills:
 - Level 2.0 Fighting
 * Level 9.4 Axes
 - Level 2.0 Throwing
 - Level 0.8 Armour
 - Level 3.0 Dodging
 - Level 2.0 Stealth
 * Level 1.3 Evocations


You had 7 spell levels left.
You didn't know any spells.
Your spell library contained the following spells:

 Spells                   Type           Power      Damage    Failure   Level
 Static Discharge         Conj/Air       0%         2-2/arc   83%         2
 Inner Flame              Hex/Fire       0%         N/A       96%         3
 Vhi's Electric Charge    Tloc/Air       0%         N/A       96%         3
 Cause Fear               Hex            0%         N/A       100%        4
 Arcjolt                  Conj/Air       0%         1d10      100%        5
 Lightning Bolt           Conj/Air       0%         1d11      100%        5
 Discord                  Hex            0%         N/A       100%        8


Dungeon Overview and Level Annotations

Branches:
Dungeon (6/15)             Temple (1/1) D:5

Altars:
Ashenzari
Cheibriados
Dithmenos
Gozag
Kikubaaqudgha
Makhleb
Nemelex Xobeh
Okawaru
Qazlal
Sif Muna
Trog
Vehumet
Wu Jian

Shops:
D:3 ::(?


Innate Abilities, Weirdness & Mutations

You have very sharp fingernails.
You regenerate health from kills.
You have large cloven feet.
You have a pair of small horns on your head.
You have hidden genetic potential.
You occasionally lose the ability to drink potions when taking damage.


Message History

p - 20 poisoned darts (gained 1)
You open the door.
m - 2 potions of haste (gained 1)
Found a stone staircase leading down.
A two-headed ogre comes into view. It is wielding two +0 giant clubs.
You hit the two-headed ogre.
Your weapon exudes an aura of protection.
You kick the two-headed ogre, but do no damage.
The two-headed ogre is lightly wounded.
The two-headed ogre hits you with a +0 giant club!
You block the two-headed ogre's attack.
You hit the two-headed ogre but do no damage.
You headbutt the two-headed ogre, but do no damage.
The two-headed ogre is lightly wounded.
The two-headed ogre hits you with a +0 giant club!
The two-headed ogre hits you with a +0 giant club!!
You hit the two-headed ogre but do no damage.
The two-headed ogre is lightly wounded.
You hit the two-headed ogre but do no damage.
Your kick misses the two-headed ogre.
The two-headed ogre is lightly wounded.
The two-headed ogre hits you with a +0 giant club!
You feel threatened and lose the ability to drink potions!
* * * LOW HITPOINT WARNING * * *
The two-headed ogre hits you with a +0 giant club!
* * * LOW HITPOINT WARNING * * *
You cannot drink potions in your current state!
Aiming: Bolt of Light
Press: ? - help, Shift-Dir - straight line, f - two-headed ogre
Aim: a two-headed ogre, wielding two +0 giant clubs (lightly wounded, 86% to hit)
The bolt of light hits the two-headed ogre!
The two-headed ogre is moderately wounded.
The two-headed ogre is blinded.
You catch the helpless two-headed ogre completely off-guard!
You hit the two-headed ogre but do no damage.
You kick the two-headed ogre.
Your headbutt misses the two-headed ogre.
The two-headed ogre is moderately wounded.
The two-headed ogre hits you with a +0 giant club!!
You die...

...# #.# ### ...# #.#
.......... ...# #.#
#.........
...####.#####.#.........
..............#.........
.......########.........
.......# #.........
.......########.........
................@..>....
.................O......
........................
........................
...............####+#######
..........................#
.......#####............#
######## ##............#..
# #......##<.......


You could see a two-headed ogre (blind).

Vanquished Creatures
  Grinder (D:3)
  Sigmund (D:2)
  Menkaure (D:4)
  An orc warrior (D:4)
  A centaur (D:5)
  An ogre (D:3)
  A phantom (D:5)
  A bullfrog (D:3)
  A scorpion (D:6)
  A hound (D:5)
  A jelly (D:5)
  3 orc priests (D:4)
  3 iguanas (D:5)
  2 orc wizards
  6 adders
  10 gnolls
  A white imp (D:5)
  3 worms
  4 dart slugs
  11 orcs
  4 ball pythons
  10 endoplasms
  A giant cockroach (D:2)
  6 goblins
  7 hobgoblins
  4 kobolds
  4 quokkas
  5 bats
  2 frilled lizards (D:2)
  5 rats
102 creatures vanquished.

Notes
Turn   | Place    | Note
-------+----------+-------------------------------------------
     0 | D:1      | IdlyInterested the Demonspawn Gladiator began the quest for
                  | the Orb.
     0 | D:1      | Reached XP level 1. HP: 16/16 MP: 1/1
   200 | D:1      | Found a faded altar of an unknown god.
   223 | D:1      | Reached skill level 3 in Axes
   278 | D:1      | Gained mutation: You regenerate a little health from kills.
                  | [demonic ancestry]
   278 | D:1      | Reached XP level 2. HP: 22/22 MP: 2/2
   830 | D:2      | Found the amulet of Vitality {RegenMP++ Regen++}
   847 | D:2      | Reached XP level 3. HP: 18/27 MP: 3/3
  1249 | D:2      | Noticed Sigmund
  1262 | D:2      | Killed Sigmund
  1263 | D:2      | Reached skill level 5 in Axes
  1263 | D:2      | Reached skill level 1 in Stealth
  1263 | D:2      | Reached XP level 4. HP: 33/33 MP: 4/4
  1263 | D:2      | Gained mutation: You have sharp fingernails. [demonic
                  | ancestry]
  1263 | D:2      | Reached XP level 5. HP: 38/38 MP: 5/5
  1745 | D:3      | Noticed Grinder
  1745 | D:3      | Paralysed by Grinder for 4 turns
  1756 | D:3      | Paralysed by Grinder for 3 turns
  1760 | D:3      | Gained mutation: You have very sharp fingernails. [demonic
                  | ancestry]
  1760 | D:3      | Reached XP level 6. HP: 36/44 MP: 6/6
  1767 | D:3      | Paralysed by Grinder for 2 turns
  1776 | D:3      | Killed Grinder
  1777 | D:3      | Reached skill level 6 in Axes
  1811 | D:3      | Found Sumiq's Book Boutique.
  2018 | D:3      | Found an ornate altar of the Wu Jian Council.
  2080 | D:3      | Found Bycacoss's Book Emporium.
  2180 | D:3      | Reached skill level 7 in Axes
  2180 | D:3      | Gained mutation: You regenerate health from kills. [demonic
                  | ancestry]
  2180 | D:3      | Reached XP level 7. HP: 39/50 MP: 7/7
  2273 | D:3      | Found Juck's Magic Scroll Shop.
  2291 | D:3      | Bought a scroll of enchant armour for 75 gold pieces
  2291 | D:3      | Bought a scroll of enchant weapon for 75 gold pieces
  2291 | D:3      | Bought a scroll of identify for 20 gold pieces
  2339 | D:3      | Found Byequr's Weapon Emporium.
  2562 | D:4      | Noticed Menkaure
  2569 | D:4      | Killed Menkaure
  2615 | D:4      | Reached skill level 8 in Axes
  3169 | D:3      | Bought a scroll of identify for 20 gold pieces
  3169 | D:3      | Bought a scroll of identify for 20 gold pieces
  3169 | D:3      | Bought a scroll of identify for 20 gold pieces
  3219 | D:5      | Entered Level 5 of the Dungeon
  3299 | D:4      | Gained mutation: You occasionally lose the ability to drink
                  | potions when taking damage. [potion of mutation]
  3299 | D:4      | Gained mutation: You have a pair of small horns on your
                  | head. [potion of mutation]
  3299 | D:4      | Gained mutation: You have large cloven feet. [potion of
                  | mutation]
  3299 | D:4      | Gained mutation: You have hidden genetic potential. [potion
                  | of mutation]
  3302 | D:5      | Found a staircase to the Ecumenical Temple.
  3305 | D:5      | Found a bloodstained altar of Trog.
  3369 | D:5      | Reached XP level 8. HP: 56/56 MP: 8/8
  3619 | D:5      | Identified the +3 bardiche of the Morning {drain, SInv}
  3834 | D:5      | Reached skill level 9 in Axes
  3853 | D:5      | Found a radiant altar of Vehumet.
  3889 | D:5      | Reached skill level 1 in Evocations
  4035 | D:3      | Bought a scroll of identify for 20 gold pieces
  4074 | Temple   | Entered the Ecumenical Temple
  4368 | D:6      | Identified the +0 leather armour of Voracious the Good
                  | {Rampage rPois rC- Dex-3}
  4691 | D:6      | Noticed a two-headed ogre
  4698 | D:6      | HP: 1/56 [two-headed ogre/+0 giant club (13)]
  4700 | D:6      | Mangled by a two-headed ogre

Illustrated notes

Levels and vault maps discovered:
D:1:      saegor_arrival_simple_b, layout_basic,
          hellmonk_ecumenical_altar_crossroads, minmay_misc_feat_room
D:2:      layout_basic, uniq_sigmund
D:3:      layout_rooms, amethyst_overflow_temple_binary, serial_shops,
          nicolae_shop_advertising_works [nicolae_subvault_shop_adworks], shop,
          nicolae_shop_bloodbath_and_beyond, shop, uniq_grinder
D:4:      layout_gridville, guppyfry_early_orc_mine, uniq_menkaure
D:5:      layout_gridville, overflow_temple_1_default,
          lemuel_coloured_pillars_altar, minmay_temple_entry_glass,
          serial_glass, glass_columns_a, glass_columns_b, glass_columns_c,
          glass_columns_b, glass_columns_a, glass_columns_a,
          due_unseen_surprise, minmay_strange_pillars, feat_on_display
D:6:      layout_basic, chequers_serial_rivers_small_b
Temple:   bh_familiar_temple

Skill      XL: |  1  2  3  4  5  6  7  8 |
---------------+-------------------------+-----
Axes           | 3 5 7 8 9 |  9.4
Throwing       | 2 |  2.0
Stealth        | 1 2 |  2.0
Dodging        | 3 |  3.0
Evocations     | 1 |  1.3
Fighting       | |  2.0
Armour         | |  0.8

Action                   |  1- 3 |  4- 6 |  7- 9 || total
-------------------------+-------+-------+-------++-------
Melee: War axe           |    84 |    88 |   147 ||   319
       Punch             |     1 |     1 |     2 ||     4
       Kick              |       |       |    28 ||    28
       Headbutt          |       |       |    11 ||    11
Throw: Stone             |       |       |    18 ||    18
       Dart              |       |       |     4 ||     4
Evoke: Wand              |       |       |     1 ||     1
  Use: Scroll            |     4 |     3 |     9 ||    16
       Potion            |     1 |     1 |     2 ||     4
 Stab: Sleeping          |       |       |     6 ||     6
       Invisible         |       |       |     1 ||     1
Armor: Leather armour    |     5 |       |       ||     5
       Ring mail         |    22 |    11 |       ||    33
       Steam dragon scal |       |    25 |    69 ||    94
Dodge: Dodged            |    54 |    62 |    97 ||   213
Block: Kite shield       |       |       |    32 ||    32

Table legend: (Time is in decaauts)
 A = Elapsed time spent in this place.
 B = Non-inter-level travel time spent in this place.
 C = Inter-level travel time spent in this place.
 D = Time resting spent in this place.
 E = Time spent auto-exploring this place.
 F = Levels seen in this place.
 G = Mean time per level.
                   A        B        C        D        E       F      G
               +--------+--------+--------+--------+--------+-----+--------+
         Total |   4783 |   3996 |    787 |    117 |   2453 |   7 |  683.3 |
       Dungeon |   4594 |   3826 |    768 |    117 |   2290 |   6 |  765.7 |
        Temple |    188 |    169 |     19 |      0 |    163 |   1 |  188.0 |
               +--------+--------+--------+--------+--------+-----+--------+

Top non-repeatable levels by time:
     D:1: 980 daAuts
     D:4: 857 daAuts
     D:5: 806 daAuts
     D:2: 797 daAuts
     D:3: 782 daAuts
     D:6: 370 daAuts
  Temple: 188 daAuts
